AoeStats
← skeezerrr

Black Forest

509309141Analyzed
3v3 RM · 7d ago on Sep 26, 2026· 26m 3s· 6 players
Game mode
Random Map
Map size
Normal (6 player)
Population
200
Speed
Normal
Resources
Standard
Victory
Conquest
Starting age
Dark Age
Ending age
Imperial Age
RankedLock teamsTeams togetherTeam positionsShared explorationLock speedFull tech treeHidden civsTurbo modeCheats
Victory
Defeat
🇲🇽 Dravidians · Mexico
1264
+12
🇲🇽 Burgundians · Mexico
1132
+17
🇲🇽 Byzantines · Mexico
1072
+19
🇬🇧 Bohemians · United Kingdom
1172
-17
🇬🇧 Vietnamese · United Kingdom
1157
-16
🇬🇧 Varangians · United Kingdom
1132
-15
skeezerrr
5:31 Loom
10:03 Feudal Age
10:30 Double-Bit Axe
11:22 Wheelbarrow
17:15 Castle Age
16:29 Stone Mining
16:33 Gold Mining
18:31 Bow Saw
23:17 Forging
Husain Bolt
0:45 Loom
14:29 Feudal Age
15:20 Double-Bit Axe
20:01 Castle Age
21:11 Wheelbarrow
21:59 Fervor
22:12 Town Watch
23:59 Hand Cart
24:32 Horse Collar
25:05 Bow Saw
migetsrus
1:14 Loom
11:30 Feudal Age
12:13 Double-Bit Axe
11:52 Man-at-Arms
12:58 Arson
20:39 Castle Age
21:39 Fletching
21:50 Scale Mail Armor
gabriel_11205
1:06 Loom
10:22 Feudal Age
14:26 Castle Age
13:00 Double-Bit Axe
13:06 Gold Mining
17:53 Horse Collar
21:52 Wheelbarrow
24:56 Town Watch
26:12 Hand Cart
25:55 Stone Mining
dany
0:29 Loom
8:50 Double-Bit Axe
10:18 Wheelbarrow
12:30 Feudal Age
14:04 Horse Collar
16:38 Castle Age
15:51 Bow Saw
19:08 Scale Barding Armor
19:13 Forging
19:49 Husbandry
22:31 Cavalier
26:18 Chain Barding Armor
26:30 Hand Cart
MAGO19002020
0:28 Loom
16:21 Feudal Age
21:37 Castle Age
20:33 Double-Bit Axe
Connection lost

Rejoining the realm…

Still unreachable

The connection could not be restored.

Session expired

The server has moved on; the page needs a fresh start.